 Dungeon Crawl Stone Soup version 0.21.1 (webtiles) character file.

1334 Zhenya24pyc the Basher (level 8, -6/79 HPs)
             Began as a Gargoyle Fighter on Feb 3, 2018.
             Was a Believer of Okawaru.
             Mangled by Paps's ghost (8 damage)
             ... on level 5 of the Dungeon.
             The game lasted 00:07:35 (3977 turns).

Zhenya24pyc the Basher (Gargoyle Fighter)           Turns: 3977, Time: 00:07:36

Health: -6/79      AC: 24    Str: 23    XL:     8   Next: 61%
Magic:  8/8        EV:  2    Int:  8    God:    Okawaru [**....]
Gold:   343        SH:  9    Dex:  9    Spells: 7/7 levels left

rFire    . . .     SeeInvis .   a - +0 flail
rCold    . . .     Gourm    .   c - +0 shield
rNeg     + + +     Faith    .   (armour currently unavailable)
rPois    ∞         Spirit   .   (helmet currently unavailable)
rElec    .         Reflect  .   (cloak currently unavailable)
rCorr    .         Harm     .   (gloves currently unavailable)
MR       .....     NoTele   +   (boots currently unavailable)
Stlth    +.........             y - amulet of inaccuracy (curse)
HPRegen  0.23/turn              (no ring)
MPRegen  0.11/turn              (no ring)

@: tree-form
A: negative energy resistance 1, petrification resistance, rot immunity, AC +5
a: Heroism, Renounce Religion


You were on level 5 of the Dungeon.
You worshipped Okawaru.
Okawaru was pleased with you.
You were not hungry.
You were a tree.
You visited 1 branch of the dungeon, and saw 5 of its levels.
You also visited: Ossuary.

You collected 343 gold pieces.

Inventory:

Hand Weapons
 a - a +0 flail (weapon)
Armour
 c - a +0 shield (worn)
 e - a +1 helmet of see invisible (melded)
 g - a +0 pair of gloves (melded)
 m - a cursed +0 ring mail (melded)
 n - a +0 cloak (melded)
 s - a +1 ring mail of cold resistance
 D - a cursed +0 pair of boots (melded)
Jewellery
 y - a cursed amulet of inaccuracy (around neck)
Wands
 t - a wand of random effects (15)
Scrolls
 h - 7 scrolls of identify {unknown}
 j - 3 scrolls of teleportation {unknown}
 k - a scroll of fear {unknown}
 l - 3 scrolls of remove curse {unknown}
 p - 2 scrolls of enchant weapon {unknown}
 q - 5 scrolls of magic mapping {unknown}
 w - a scroll of immolation {unknown}
 C - a scroll of random uselessness {unknown}
Potions
 b - 2 potions of brilliance {unknown}
 d - a potion of might
 i - a potion of lignification
 o - a potion of heal wounds {unknown}
 r - a potion of degeneration {unknown}
 u - 2 potions of agility {unknown}
 v - 2 potions of resistance {unknown}
 x - 2 potions of invisibility {unknown}
 z - a potion of berserk rage {unknown}
 A - a potion of curing {unknown}
Books
 E - a book of Maledictions

   Spells                             Type                      Level
   a - Corona                         Hexes                        1
   b - Ensorcelled Hibernation        Hexes/Ice                    2
   c - Confuse                        Hexes                        3
   d - Tukima's Dance                 Hexes                        3
   e - Dazzling Spray                 Conjuration/Hexes            3
Comestibles
 f - 8 rations
 B - 2 chunks of flesh


   Skills:
 + Level 7.1 Fighting
 * Level 8.5 Maces & Flails
 - Level 3.2 Armour
 - Level 1.2 Dodging
 - Level 3.2 Shields


You had 7 spell levels left.
You didn't know any spells.

Dungeon Overview and Level Annotations

Branches:
Dungeon (5/15)             Temple (0/1) D:4

Altars:
Hepliaklqana
Okawaru

Annotations:
D:5 Paps's ghost, novice GrFi


Innate Abilities, Weirdness & Mutations

You are resistant to torment.
((Your stone body is resilient. (AC +5)))
You are immune to poison.
You resist negative energy. (rN+)
((You are resistant to electric shocks. (rElec)))
((You can survive without breathing.))
You are immune to petrification.
You are immune to rotting.


Message History

Your +0 cloak melds into your body.
Your +1 helmet of see invisible melds into your body.
Your +0 pair of gloves melds into your body.
Your cursed +0 pair of boots melds into your body.
Your cursed +0 ring mail melds into your body.
You feel less perceptive.
Your roots penetrate the ground.
Paps's ghost hits you but does no damage.
You barely miss Paps's ghost.
Paps's ghost is severely damaged.
Paps's ghost hits you but does no damage.
You closely miss Paps's ghost.
Paps's ghost is severely damaged.
You block Paps's ghost's attack.
You barely miss Paps's ghost.
Paps's ghost is severely damaged.
Paps's ghost hits you but does no damage.
Your shield prevents you from hitting Paps's ghost.
Paps's ghost is severely damaged.
Paps's ghost hits you!
You die...

# #.....##.#
##.....##.##
#......##..#
#......##..#
#......##..#
#
#.#..$.....#
> #
#####.##.# #
#W##.#
#♣##.#
#.##.#
#.#####.##.#
#..........#
######.####
#...#
#.#...#
#.###.# #.#
.#


You could see Paps's ghost.

Vanquished Creatures
  The ghost of Stimme the Insei, an amateur OpTm (D:3)
  A sky beast (D:5)
  A phantom (D:4)
  3 water moccasin zombies (Ossuary)
  2 scorpions
  A howler monkey (D:4)
  A crimson imp (D:4)
  A hound (D:4)
  An orc priest (D:4)
  Crazy Yiuf (D:2)
  3 orc wizards
  An iguana (D:4)
  Ijyb (D:4)
  2 worker ants
  Natasha (thrice) (D:3)
  4 big kobold zombies (Ossuary)
  2 mummies (Ossuary)
  3 adders
  11 river rats (D:4)
  An ooze (D:2)
  3 adder skeletons (D:4)
  4 adder zombies (Ossuary)
  3 worms
  4 dart slugs
  2 leopard geckos
  4 orcs
  4 ball pythons
  9 bats
  4 giant cockroaches
  7 goblins
  13 hobgoblins
  6 jackals
  5 kobolds
  2 quokkas
  5 frilled lizards
  4 gnoll zombies (Ossuary)
  6 hobgoblin zombies (Ossuary)
  6 kobold zombies (Ossuary)
  A leopard gecko skeleton (D:4)
  An orc zombie (Ossuary)
  15 rats
  A fungus (D:1)
153 creatures vanquished.

Notes
Turn   | Place    | Note
-------+----------+-------------------------------------------
     0 | D:1      | Zhenya24pyc the Gargoyle Fighter began the quest for the Orb.
     0 | D:1      | Reached XP level 1. HP: 14/14 MP: 1/1
    39 | D:1      | Reached XP level 2. HP: 17/19 MP: 2/2
   497 | D:1      | Reached skill level 3 in Maces & Flails
   497 | D:1      | Reached XP level 3. HP: 23/24 MP: 3/3
  1115 | D:2      | Reached XP level 4. HP: 29/29 MP: 4/4
  1186 | D:2      | Found a runed door.
  1353 | D:2      | Found an iron altar of Okawaru.
  1369 | D:2      | Became a worshipper of Warmaster Okawaru
  1494 | D:2      | Noticed Crazy Yiuf
  1504 | D:2      | Killed Crazy Yiuf
  1504 | D:2      | Reached skill level 4 in Maces & Flails
  1574 | D:3      | Noticed Stimme's ghost (amateur OpTm)
  1623 | D:3      | Killed Stimme's ghost
  1623 | D:3      | Reached skill level 5 in Maces & Flails
  1623 | D:3      | Reached XP level 5. HP: 13/34 MP: 5/5
  1862 | D:3      | Reached XP level 6. HP: 40/40 MP: 6/6
  1904 | D:3      | Noticed Natasha
  1913 | D:3      | Killed Natasha
  1985 | D:3      | Noticed Natasha
  1990 | D:3      | Killed Natasha
  1990 | D:3      | Reached skill level 5 in Fighting
  2007 | D:3      | Noticed Natasha
  2013 | D:3      | Killed Natasha
  2013 | D:3      | Reached * piety under Okawaru
  2077 | D:3      | Found a hazy altar of Hepliaklqana.
  2343 | D:3      | Found a faded altar of an unknown god.
  2358 | D:4      | Noticed a phantom
  2383 | D:4      | Killed a phantom
  2383 | D:4      | Reached skill level 1 in Dodging
  2393 | D:4      | Reached XP level 7. HP: 30/44 MP: 7/7
  2436 | D:4      | Noticed Ijyb
  2444 | D:4      | Reached skill level 6 in Maces & Flails
  2455 | D:4      | Killed Ijyb
  2570 | D:4      | Found a sand-covered staircase.
  2579 | Ossuary  | Entered an ossuary
  2774 | Ossuary  | Reached ** piety under Okawaru
  2816 | Ossuary  | Reached skill level 7 in Maces & Flails
  2836 | Ossuary  | Reached XP level 8. HP: 25/51 MP: 8/8
  3452 | D:4      | Reached skill level 8 in Maces & Flails
  3592 | D:4      | Found a staircase to the Ecumenical Temple.
  3697 | D:5      | Entered Level 5 of the Dungeon
  3924 | D:5      | Noticed Paps's ghost (novice GrFi)
  3971 | D:5      | HP: 1/53 [Paps's ghost (6)]
  3977 | D:5      | Mangled by Paps's ghost

Skill      XL: |  1  2  3  4  5  6  7  8 |
---------------+-------------------------+-----
Maces & Flails | 3 5 7 8 |  8.5
Fighting       | 4 5 6 7 |  7.1
Dodging        | 1 |  1.2
Armour         | |  3.2
Shields        | |  3.2

Action                   |  1- 3 |  4- 6 |  7- 9 || total
-------------------------+-------+-------+-------++-------
Melee: Flail             |   102 |   203 |   421 ||   726
  Use: Potion            |       |       |     1 ||     1
  Eat: Chunk             |     1 |     4 |     3 ||     8
       Ration            |       |       |     1 ||     1
Armor: Scale mail        |    47 |       |       ||    47
       Ring mail         |    16 |    94 |   177 ||   287
       Skin              |       |       |     3 ||     3
Dodge: Dodged            |    45 |    65 |   109 ||   219
Block: Shield            |    46 |    94 |   176 ||   316
